 Dungeon Crawl Stone Soup version 0.29-a0-359-g541a27f54d (webtiles) character file.

Game seed: 560738808636797960

1672 zeratav the Archer (level 8, -15/48 HPs)
             Began as a Deep Elf Hunter on Apr 27, 2022.
             Was an Initiate of Hepliaklqana.
             Killed from afar by an orc wizard (36 damage)
             ... with a bolt of acid
             ... on level 8 of the Dungeon.
             The game lasted 00:16:00 (5817 turns).

zeratav the Archer (Deep Elf Hunter)                Turns: 5817, Time: 00:16:00

Health: -15/48     AC:  5    Str:  8    XL:     8   Next: 70%
Magic:  10/10      EV: 23    Int: 15    God:    Hepliaklqana [......]
Gold:   377        SH:  0    Dex: 20    Spells: 7/7 levels left

rFire   . . .      SeeInvis .   a - +1 shortbow {bow}
rCold   . . .      Faith    .   (shield currently unavailable)
rNeg    . . .      Spirit   .   o - +3 leather armour
rPois   .          Reflect  .   s - +2 helmet
rElec   .          Harm     .   F - scarf {+Inv}
rCorr   .          Rampage  .   (no gloves)
Will    .....                   (no boots)
Stlth   ++........              (no amulet)
HPRegen 0.16/turn               i - +4 ring of evasion
MPRegen 0.12/turn               H - +4 ring of evasion

@: corroded
A: no striking features
a: Renounce Religion, Evoke Invisibility


You were on level 8 of the Dungeon.
You worshipped Hepliaklqana.
Hepliaklqana was noncommittal.
You visited 2 branches of the dungeon, and saw 9 of its levels.

You collected 377 gold pieces.


   Skills:
 + Level 4.6 Fighting
 - Level 12.0 Bows
 + Level 6.7 Dodging
 - Level 1.2 Stealth


You had 7 spell levels left.
You didn't know any spells.
Your spell library contained the following spells:

 Spells                   Type           Power      Damage    Failure   Level
 Sublimation of Blood     Necr           0%         N/A       52%         2
 Wereblood                Tmut           0%         N/A       52%         2
 Inner Flame              Hex/Fire       0%         N/A       75%         3
 Cause Fear               Hex            0%         N/A       98%         4
 Leda's Liquefaction      Hex/Erth       0%         N/A       98%         4
 Petrify                  Tmut/Erth      0%         N/A       98%         4
 Lee's Rapid Deconstruct  Erth           0%         3d5*      100%        5
 Metabolic Englaciation   Hex/Ice        0%         N/A       100%        5
 Statue Form              Tmut/Erth      0%         N/A       100%        6
 Summon Hydra             Summ           0%         N/A       100%        7
 Discord                  Hex            0%         N/A       100%        8

Inventory:

Hand Weapons
 a - a +1 shortbow (weapon) {bow}
 M - a +3 scimitar of freezing {long}
   (You took it off a wight on level 8 of the Dungeon)
Missiles
 C - 3 curare-tipped darts {=fthrowing}
Armour
 g - a +0 chain mail
   (You took it off an orc on level 7 of the Dungeon)
 o - a +3 leather armour (worn)
   (You found it on level 1 of the Dungeon)
 s - a +2 helmet (worn)
   (You found it on level 2 of the Dungeon)
 y - a +0 scale mail
   (You found it on level 7 of the Dungeon)
 D - a +0 leather armour
   (You found it on level 7 of the Dungeon)
 E - a +0 leather armour
   (You found it on level 7 of the Dungeon)
 F - a scarf of invisibility (worn)
   (You found it on level 4 of the Dungeon)
 L - a +0 scale mail
   (You took it off an orc on level 7 of the Dungeon)
 N - a +0 robe
   (You took it off a wight on level 8 of the Dungeon)
Jewellery
 i - a +4 ring of evasion (left hand)
   (You found it on level 1 of the Dungeon)
 H - a +4 ring of evasion (right hand)
   (You found it on level 4 of the Dungeon)
 J - a +4 ring of evasion
   (You found it on level 4 of the Dungeon)
Wands
 K - a wand of paralysis (7)
   (You found it on level 7 of the Dungeon)
Scrolls
 c - 2 scrolls of immolation {!r!r}
 e - 6 scrolls of fear
 h - a scroll of silence {!r}
 j - 2 scrolls of vulnerability {!r!r}
 k - a scroll of amnesia
 l - 2 scrolls of enchant armour
 q - 2 scrolls of fog
 w - a scroll of torment {unknown}
 B - 3 scrolls of teleportation {unknown}
 G - 4 scrolls of enchant weapon {unknown}
 I - a scroll of magic mapping {unknown}
Potions
 b - a potion of mutation {unknown}
 d - 3 potions of might {unknown}
 f - a potion of resistance {unknown}
 m - 2 potions of magic {unknown}
 n - 2 potions of curing {@q1}
 p - 2 potions of flight {unknown}
 r - a potion of attraction {unknown}
 t - a potion of haste {unknown}
 u - 6 potions of lignification {unknown}
 v - 2 potions of heal wounds {unknown}
 z - 2 potions of brilliance {unknown}
 A - a potion of degeneration {unknown}

Dungeon Overview and Level Annotations

Branches:
Dungeon (8/15)             Temple (1/1) D:7
   Lair: D:8-11

Altars:
Ashenzari
Dithmenos
Elyvilon
Fedhas
Hepliaklqana
Makhleb
Okawaru
Qazlal
Ru
Sif Muna
Uskayaw
Vehumet
Wu Jian
Xom
Yredelemnul
Zin
The Shining One

Shops:
D:6

?
####...#...############
#....#####............<
#.##...#...############
#.####.#.### #... #.#
... #.## #.# ##### #.#
#.######### #.....@...#
#########{########
#....#g.......
#.###.#######. #o #g #g
#g ..


There were no monsters in sight!


Message History

Press: ? - help, Q - select action, (/) - cycle Shift-Dir - straight line, f/p - orc wizard
Aim: an orc wizard, wielding a +0 dagger and wearing a +0 robe (severely wounded, 65% to hit)
You shoot an arrow. The arrow hits the orc wizard!
You kill the orc wizard!
Your life force feels restored.
HP[+1]
You now have 48 max hp (+1).
Shoot: a) +1 shortbow {bow}
Press: ? - help, Q - select action, (/) - cycle Shift-Dir - straight line, f - you
Okay, then.
There is a stone staircase leading up, spattered with blood here.
You start resting.
An orc wizard comes into view. It is wielding a +0 dagger.
HP[+3]
You regained 3 hp, and now have 39/48 hp.
Shoot: a) +1 shortbow {bow}
Press: ? - help, Q - select action, (/) - cycle Shift-Dir - straight line, f - orc wizard
Aim: an orc wizard, wielding a +0 dagger and wearing a +0 robe (wandering, hasn't noticed you, 65% to hit)
You shoot an arrow. The orc wizard shouts!
The arrow hits the orc wizard!
Shoot: a) +1 shortbow {bow}
Press: ? - help, Q - select action, (/) - cycle Shift-Dir - straight line, f/p - orc wizard
Aim: an orc wizard, wielding a +0 dagger and wearing a +0 robe (heavily wounded, 65% to hit)
You shoot an arrow. The arrow hits the orc wizard.
Shoot: a) +1 shortbow {bow}
Press: ? - help, Q - select action, (/) - cycle Shift-Dir - straight line, f/p - orc wizard
Aim: an orc wizard, wielding a +0 dagger and wearing a +0 robe (almost dead, 65% to hit)
You shoot an arrow. The arrow hits the orc wizard.
You kill the orc wizard!
HP[+1] Shoot: a) +1 shortbow {bow}
Press: ? - help, Q - select action, (/) - cycle Shift-Dir - straight line, f - you That would be overly suicidal.
Okay, then.
Unknown command.
You start resting.
HP[+8]
Your hp is fully restored (48).
A gnoll and an orc wizard come into view.
The orc wizard is wielding a +0 dagger and carrying a wand of acid (7).
The gnoll shouts!
The orc wizard shouts!
You hear a shout! x2
The orc wizard zaps a wand.
The bolt of acid hits you!! The acid corrodes you!
A gnoll comes into view. It is wielding a +0 flail.
HP[-21]
You take 21 damage, and now have 27/48 hp.
MASSIVE DAMAGE!! (PAUSE)
You are too injured to fight recklessly!
You are too injured to fight recklessly!
Shoot: a) +1 shortbow {bow}
Press: ? - help, Q - select action, (/) - cycle Shift-Dir - straight line, f - orc wizard
Aim: an orc wizard, wielding a +0 dagger, wearing a +0 robe and carrying a wand of acid (6) (65% to hit)
You shoot an arrow. The gnoll shouts!
The arrow hits the orc wizard.
A gnoll sergeant comes into view. It is wielding a +0 trident.
Shoot: a) +1 shortbow {bow}
Press: ? - help, Q - select action, (/) - cycle Shift-Dir - straight line, f/p - orc wizard
Aim: an orc wizard, wielding a +0 dagger, wearing a +0 robe and carrying a wand of acid (6) (moderately wounded, 65% to hit)
You shoot an arrow. The gnoll sergeant shouts!
The arrow hits the orc wizard but does no damage.
The orc wizard gestures at you while chanting.
The magic dart hits you!
* * * LOW HITPOINT WARNING * * *
A gnoll comes into view. It is wielding a +0 halberd.
HP[-7]
You take 7 damage, and now have 20/48 hp.
Shoot: a) +1 shortbow {bow}
Press: ? - help, Q - select action, (/) - cycle Shift-Dir - straight line, f/p - orc wizard
Aim: an orc wizard, wielding a +0 dagger, wearing a +0 robe and carrying a wand of acid (6) (moderately wounded, 65% to hit)
You shoot an arrow. The arrow barely misses the orc wizard.
The orc wizard gestures at you while chanting.
You easily resist.
Shoot: a) +1 shortbow {bow}
Press: ? - help, Q - select action, (/) - cycle Shift-Dir - straight line, f/p - orc wizard
Aim: an orc wizard, wielding a +0 dagger, wearing a +0 robe and carrying a wand of acid (6) (moderately wounded, 65% to hit)
You shoot an arrow. The arrow hits the orc wizard.
The orc wizard mumbles some strange words.
The orc wizard flickers and vanishes!
Deactivating autopickup; reactivate with Ctrl-A.
Shoot: a) +1 shortbow {bow}
Press: ? - help, Q - select action, (/) - cycle Shift-Dir - straight line, f - you
Okay, then.
You hear a zap.
A bolt of acid appears from out of thin air!
The bolt of acid misses you.
Shoot: a) +1 shortbow {bow}
Press: ? - help, Q - select action, (/) - cycle Shift-Dir - straight line You shoot an arrow.
HP[+1] Shoot: a) +1 shortbow {bow}
Press: ? - help, Q - select action, (/) - cycle Shift-Dir - straight line You shoot an arrow.
You hear a zap.
A bolt of acid appears from out of thin air!
The bolt of acid hits you!!!
Ouch! That really hurt!
You die...

Skill      XL: |  1  2  3  4  5  6  7  8 |
---------------+-------------------------+-----
Bows           | 6 7 8 9 11 12 | 12.0
Fighting       | 2 4 |  4.6
Dodging        | 4 6 |  6.7
Stealth        | |  1.2

Action                   |  1- 3 |  4- 6 |  7- 9 || total
-------------------------+-------+-------+-------++-------
Melee: Shortbow          |       |       |     2 ||     2
 Fire: Shortbow          |    79 |   175 |   174 ||   428
  Use: Potion            |       |     1 |       ||     1
       Scroll            |       |     4 |     3 ||     7
Armor: Leather armour    |    11 |    10 |    19 ||    40
Dodge: Dodged            |    25 |    37 |    70 ||   132

Levels and vault maps discovered:
D:1:      tarquinn_simple_flora_water_f, layout_loops_ring, minmay_tetromino_t4
D:2:      layout_basic, hellmonk_ecumenical_altar_pennies_from_heaven,
          uniq_jessica
D:3:      minmay_octagon_keep, layout_basic
D:4:      layout_basic, okawaru_metal_pillars_1_2
D:5:      layout_gridville
D:6:      layout_cave_pools, chequers_temple_overflow_statue_of_worship,
          serial_shops, nicolae_shop_behind_doors
D:7:      layout_loops_ring, nicolae_tso_swordbearing_angel,
          mainiacjoe_overflow_big_doors, minmay_temple_entry_ruins
D:8:      layout_loops_ring, nemelex_xobeh_ov_fountains_minmay, serial_shops,
          nicolae_shop_stone, serial_bayou_pond_b, minmay_liquid_box,
          uniq_maggie
Temple:   nicolae_temple_god_jail

Notes
Turn   | Place    | Note
-------+----------+-------------------------------------------
     0 | D:1      | zeratav the Deep Elf Hunter began the quest for the Orb.
     0 | D:1      | Reached XP level 1. HP: 12/12 MP: 3/3
     0 | D:1      | magus.rc [v1.9.6]
   110 | D:1      | Reached skill level 6 in Bows
   110 | D:1      | Reached XP level 2. HP: 16/16 MP: 4/4
   116 | D:1      | You pick up a book of the Earth and begin reading...
   116 | D:1      | You add the spells Leda's Liquefaction, Lee's Rapid
                  | Deconstruction and Statue Form to your library.
   171 | D:1      | HP: 4/16 [constriction (1)]
   875 | D:2      | Noticed Jessica
   879 | D:2      | Killed Jessica
   880 | D:2      | Reached skill level 7 in Bows
   880 | D:2      | Reached XP level 3. HP: 20/20 MP: 5/5
  1041 | D:2      | Found a faded altar of an unknown god.
  1255 | D:2      | Reached XP level 4. HP: 25/25 MP: 6/6
  1829 | D:2      | You pick up a book of Blood and begin reading...
  1829 | D:2      | You add the spells Sublimation of Blood, Wereblood and
                  | Summon Hydra to your library.
  1929 | D:3      | Reached skill level 8 in Bows
  2100 | D:3      | Reached XP level 5. HP: 29/29 MP: 7/7
  2718 | D:4      | Reached skill level 9 in Bows
  2767 | D:4      | Noticed an ogre
  2888 | D:4      | Killed an ogre
  2889 | D:4      | Reached XP level 6. HP: 31/34 MP: 8/8
  3391 | D:4      | Found an iron altar of Okawaru.
  3529 | D:5      | Entered Level 5 of the Dungeon
  3544 | D:5      | Reached skill level 10 in Bows
  3816 | D:5      | Reached skill level 11 in Bows
  3816 | D:5      | Reached XP level 7. HP: 38/38 MP: 9/9
  4166 | D:6      | You pick up a book of Sloth and begin reading...
  4166 | D:6      | You add the spells Petrify and Metabolic Englaciation to
                  | your library.
  4254 | D:6      | Reached skill level 12 in Bows
  4280 | D:6      | Reached skill level 2 in Fighting
  4280 | D:6      | Reached skill level 3 in Dodging
  4312 | D:6      | Reached skill level 4 in Dodging
  4312 | D:6      | Reached XP level 8. HP: 45/45 MP: 10/10
  4438 | D:6      | Reached skill level 3 in Fighting
  4451 | D:6      | Noticed a cyclops
  4481 | D:6      | Found Mexuxt's Magic Scroll Boutique.
  4531 | D:7      | You pick up a book of Hexes and begin reading...
  4531 | D:7      | You add the spells Inner Flame, Cause Fear and Discord to
                  | your library.
  4542 | D:7      | Reached skill level 5 in Dodging
  4658 | D:7      | Found a staircase to the Ecumenical Temple.
  4673 | Temple   | Entered the Ecumenical Temple
  4735 | Temple   | Became a worshipper of Hepliaklqana the Forgotten
  5068 | D:7      | Reached skill level 4 in Fighting
  5068 | D:7      | Reached skill level 6 in Dodging
  5140 | D:7      | Found a basalt altar of Yredelemnul.
  5141 | D:7      | Found a broken altar of Ashenzari.
  5525 | D:7      | Found a glowing golden altar of the Shining One.
  5817 | D:8      | Killed from afar by an orc wizard

Vanquished Creatures
  A water moccasin (D:7)
  An ice beast (D:6)
  2 ogres
  A black bear (D:6)
  3 phantoms
  2 bullfrogs
  A scorpion (D:6)
  2 wights (D:8)
  5 hounds
  2 jellies
  3 orc priests
  Jessica (D:2)
  4 iguanas
  3 orc wizards
  6 adders
  2 white imps (D:7)
  3 worms (D:3)
  3 dart slugs
  25 orcs
  12 ball pythons
  7 bats
  9 endoplasms
  A giant cockroach (D:4)
  8 goblins
  11 hobgoblins
  3 jackals (D:1)
  4 kobolds
  3 quokkas
  2 frilled lizards (D:1)
  6 rats
136 creatures vanquished.

Vanquished Creatures (others)
  3 plants (D:8)
3 creatures vanquished.

Grand Total: 139 creatures vanquished

Table legend:
 A = Non-vault XP
 B = Vault XP
 C = Vault XP percentage of total XP
 D = Non-vault monster count
 E = Vault monster count
 F = Vault count percentage of total count
                 A         B        C        D         E       F
            +---------+---------+-------+---------+---------+-------
      Total |    2280 |     109 |   4.6 |     119 |      17 |  12.5
            +---------+---------+-------+---------+---------+-------
        D:1 |      31 |       6 |  16.2 |      18 |       3 |  14.3
        D:2 |      66 |      37 |  35.9 |      18 |       1 |   5.3
        D:3 |      85 |      29 |  25.4 |      22 |      12 |  35.3
        D:4 |     206 |       0 |   0.0 |      18 |       0 |   0.0
        D:5 |     325 |       0 |   0.0 |       9 |       0 |   0.0
        D:6 |     828 |       0 |   0.0 |      12 |       0 |   0.0
        D:7 |     518 |       0 |   0.0 |      17 |       0 |   0.0
        D:8 |     175 |      37 |  17.5 |       3 |       1 |  25.0
     Temple |      46 |       0 |   0.0 |       2 |       0 |   0.0
            +---------+---------+-------+---------+---------+-------

Illustrated notes

Table legend:
 A = Kills in this place as a percentage of kills in entire the game.
 B = Kills by you in this place as a percentage of kills by you in the entire game.
 C = Kills by friends in this place as a percentage of kills by friends in the entire game.
 D = Other kills in this place as a percentage of other kills in the entire game.
 E = Experience gained in this place as a percentage of experience gained in the entire game.
 F = Experience gained in this place divided by the number of levels of this place that you have seen.
                   A       B       C       D       E      F
               +-------+-------+-------+-------+-------+----------------------
         Total | 100.0 | 100.0 |   N/A |   N/A | 100.0 | 265.4
       Dungeon |  98.5 |  98.5 |   N/A |   N/A |  98.1 | 292.9
        Temple |   1.5 |   1.5 |   N/A |   N/A |   1.9 |  46.0
               +-------+-------+-------+-------+-------+----------------------

Table legend: (Time is in decaauts)
 A = Elapsed time spent in this place.
 B = Non-inter-level travel time spent in this place.
 C = Inter-level travel time spent in this place.
 D = Time resting spent in this place.
 E = Time spent auto-exploring this place.
 F = Levels seen in this place.
 G = Mean time per level.
                   A        B        C        D        E       F      G
               +--------+--------+--------+--------+--------+-----+--------+
         Total |   5851 |   5591 |    260 |    448 |   4125 |   9 |  650.1 |
       Dungeon |   5770 |   5538 |    232 |    448 |   4097 |   8 |  721.2 |
        Temple |     81 |     53 |     28 |      0 |     28 |   1 |   81.0 |
               +--------+--------+--------+--------+--------+-----+--------+

Top non-repeatable levels by time:
     D:2: 1032 daAuts
     D:7: 968 daAuts
     D:1: 888 daAuts
     D:3: 836 daAuts
     D:4: 810 daAuts
     D:5: 515 daAuts
     D:6: 470 daAuts
     D:8: 247 daAuts
  Temple: 81 daAuts
